 Dungeon Crawl Stone Soup version 0.29.0-11-gd7f09526c8 (webtiles) character file.

Game seed: 3317570351779372515

84 KamiKatze the Chopper (level 4, -2/55 (60) HPs)
             Began as a Minotaur Berserker on Sept 3, 2022.
             Was a Believer of Trog.
             Succumbed to a kobold's poison
             ... on level 3 of the Dungeon.
             The game lasted 00:04:52 (1673 turns).

KamiKatze the Chopper (Minotaur Berserker)          Turns: 1673, Time: 00:04:53

HP:   -2/55 (60)    AC:  5    Str: 23    XL:     4   Next: 23%
MP:   3/3           EV: 11    Int:  4    God:    Trog [**....]
Gold: 157           SH:  0    Dex: 10    Spells: 3/3 levels left

rFire   . . .      SeeInvis .   a - +0 hand axe
rCold   . . .      Faith    .   (no shield)
rNeg    . . .      Spirit   .   m - +0 ring mail
rPois   .          Reflect  .   (helmet restricted)
rElec   .          Harm     .   (no cloak)
rCorr   .          Rampage  .   (no gloves)
Will    .....                   (no boots)
Stlth   ..........              (no amulet)
HPRegen 0.18/turn               (no ring)
MPRegen 0.08/turn               (no ring)

@: berserking, lethally poisoned (-2 -> -28), drained, very quick
A: horns 2, retaliatory headbutt
a: Renounce Religion, Berserk, Trog's Hand


You were on level 3 of the Dungeon.
You worshipped Trog.
Trog was pleased with you.
You visited 1 branch of the dungeon, and saw 3 of its levels.

You collected 157 gold pieces.

Inventory:

Hand Weapons
 a - a +0 hand axe (weapon)
 w - a +0 morningstar
Missiles
 c - 41 stones (quivered)
 l - 4 boomerangs
Armour
 f - a +0 chain mail
 h - a +0 leather armour
 m - a +0 ring mail (worn)
 o - a +0 scale mail
Scrolls
 b - a scroll of immolation {unknown}
 d - 3 scrolls of identify {unknown}
 g - a scroll of enchant armour {unknown}
 i - a scroll of silence {unknown}
 j - 5 scrolls of teleportation {unknown}
 k - a scroll of vulnerability {unknown}
 n - a scroll of enchant weapon {unknown}
Potions
 e - a potion of flight {unknown}


   Skills:
 + Level 4.2 Fighting
 * Level 4.8 Axes
 + Level 3.2 Armour
 + Level 3.0 Dodging


You had 3 spell levels left.
You didn't know any spells.
Your spell library was empty.

Dungeon Overview and Level Annotations

Branches:
Dungeon (3/15)

Altars:


Innate Abilities, Weirdness & Mutations

You have a pair of horns on your head.
You reflexively headbutt those who attack you in melee.


Message History

You finish taking off your +0 leather armour.
You start putting on your armour.
You continue putting on your +0 ring mail. x5
You finish putting on your +0 ring mail.
Unknown command.
l - 4 boomerangs (gained 2)
Things that are here:
a +0 scale mail; a +0 dagger
o - a +0 scale mail A kobold comes into view.
It is wielding a +2 whip of venom.
The kobold shouts!
You hit the kobold but do no damage. The kobold closely misses you.
You closely miss the kobold.
The kobold hits you with a +2 whip of venom.
You are poisoned.
You hit the kobold but do no damage. Your headbutt misses the kobold.
You feel sick. The kobold hits you but does no damage.
You hit the kobold but do no damage.
You feel sick.
The kobold hits you with a +2 whip of venom.
* * * LOW HITPOINT WARNING * * *
You are lethally poisoned!
The kobold hits you with a +2 whip of venom.
* * * LOW HITPOINT WARNING * * *
You are more poisoned.
A red film seems to cover your vision as you go berserk!
You feel yourself moving faster!
You feel mighty!
* * * LOW HITPOINT WARNING * * *
You feel very sick. The kobold barely misses you.
You barely miss the kobold. Your headbutt misses the kobold.
* * * LOW HITPOINT WARNING * * *
You feel very sick.
You barely miss the kobold. Your headbutt misses the kobold.
* * * LOW HITPOINT WARNING * * *
You feel very sick. The kobold hits you but does no damage.
You are more poisoned.
Unknown command.
You barely miss the kobold.
You die...

#<## ........#
#..# ..)......#
##.###r#.......#
##.#...#....?..#
#....# #.......#
###.#.####....#...
#...#.##..........
#.........K....###
#...#.....#@#####
#..#.#.#.###.#
...##.....<#).####
### ##..#...)....#
#.##.##).##.#
#.....#...# ..
...#.....#..# ...
### #.........# ##
.............


You could see a kobold.

Vanquished Creatures
  Robin (D:2)
  A gnoll (D:1)
  An adder (D:2)
  A worm (D:2)
  2 dart slugs (D:2)
  2 orcs (D:3)
  2 endoplasms
  2 giant cockroaches (D:2)
  11 goblins
  7 hobgoblins
  3 quokkas
  2 ball pythons
  A bat (D:1)
  5 frilled lizards
  2 kobolds (D:3)
  2 rats (D:2)
45 creatures vanquished.

Notes
Turn   | Place    | Note
-------+----------+-------------------------------------------
     0 | D:1      | KamiKatze the Minotaur Berserker began the quest for the
                  | Orb.
     0 | D:1      | Reached XP level 1. HP: 19/19 MP: 0/0
    84 | D:1      | Reached XP level 2. HP: 21/27 MP: 1/1
   838 | D:2      | Reached XP level 3. HP: 30/33 MP: 2/2
  1019 | D:2      | Noticed Robin
  1034 | D:2      | Reached ** piety under Trog
  1037 | D:2      | Killed Robin
  1050 | D:2      | Reached XP level 4. HP: 32/40 MP: 3/3
  1672 | D:3      | HP: 2/55 [poisoned by a kobold]
  1673 | D:3      | Succumbed to a kobold's poison

Illustrated notes

Levels and vault maps discovered:
D:1:      minmay_arrival_shattered_statue, layout_basic
D:2:      layout_basic, uniq_robin
D:3:      layout_rooms, demons_altar, hellmonk_ecumenical_altar_prayer_group,
          uniq_ijyb

Skill      XL: |  1  2  3  4 |
---------------+-------------+-----
Axes           | 4 |  4.8
Fighting       | 4 |  4.2
Armour         | 3 |  3.2
Dodging        | 3 |  3.0

Action                   |  1- 3 |  4- 6 || total
-------------------------+-------+-------++-------
Melee: Hand axe          |    72 |    34 ||   106
       Punch             |     1 |       ||     1
       Headbutt          |    11 |     2 ||    13
Invok: Berserk           |     1 |     2 ||     3
Armor: Leather armour    |    10 |     3 ||    13
       Animal skin       |     1 |       ||     1
       Ring mail         |       |     2 ||     2
Dodge: Dodged            |    29 |    15 ||    44
